 Dungeon Crawl Stone Soup version 0.17-a0-2147-gfb20a63 (webtiles) character file.

2114 fredomojojo the Covert (level 9, -5/78 HPs)
             Began as a Naga Assassin on Oct 24, 2015.
             Was a Follower of Nemelex Xobeh.
             Killed by the air
             ... invoked by Gastronok
              (34 damage)
             ... on level 8 of the Dungeon.
             The game lasted 02:31:55 (5973 turns).

fredomojojo the Covert (Naga Assassin)              Turns: 5973, Time: 02:31:55

Health: -5/78      AC:  7    Str: 15    XL:     9   Next: 29%
Magic:  10/10      EV: 13    Int: 13    God:    Nemelex Xobeh [*.....]
Gold:   439        SH:  0    Dex: 17    Spells: 0 memorised, 8 levels left

rFire  + . .     SeeInvis +     b - +1 blowgun
rCold  . . .     Clarity  +     w - +2 robe {rC+}
rNeg   + . .     SustAt   .     (no shield)
rPois  +         Gourm    .     (no helmet)
rElec  .         Spirit   .     d - +0 cloak
rCorr  .         Warding  .     (no gloves)
rMut   .         Stasis   .     (no barding)
MR     +....                    L - amulet of clarity
Stlth  +++++.....               M - ring of fire
                                i - ring of positive energy

@: very slow, somewhat resistant to hostile enchantments, quite stealthy
A: see invisible, agile 1, clever 1, deformed body, poison resistance, slowness
2, slow metabolism 1, spit poison 2, AC +3
a: Spit Poison, Renounce Religion


You were on level 8 of the Dungeon.
You worshipped Nemelex Xobeh.
Nemelex Xobeh was aware of your devotion.
You were not hungry.

You visited 2 branches of the dungeon, and saw 9 of its levels.

You collected 439 gold pieces.

Inventory:

Hand Weapons
 a - a +2 dagger
 b - a +1 blowgun (weapon)
 c - a +0 scythe
 n - a +0 falchion
 y - a +0 quarterstaff
 E - a +0 long sword
 O - the +1 falchion of Deformation {venom, *Corrode +Inv rC+++ Dex+4}
   (You found it on level 6 of the Dungeon)

   It poisons the flesh of those it strikes.
   It affects your dexterity (+4).
   It renders you almost immune to cold.
   It lets you turn invisible.
   It may corrode your equipment when you take damage.
 Q - a +2 short sword of venom
Missiles
 e - 4 poisoned needles (quivered)
 h - 153 stones
 A - 2 curare-tipped needles
 D - 48 arrows
 H - 5 tomahawks
Armour
 d - a +0 cloak (worn)
 u - a +0 large shield
 w - a +2 robe of cold resistance (worn)
Jewellery
 i - a ring of positive energy (left hand)
 L - an amulet of clarity (around neck)
 M - a ring of fire (right hand)
Wands
 v - a wand of digging (4)
 z - a wand of fire (5)
Scrolls
 j - a scroll of enchant weapon
 l - a scroll of blinking
 o - 2 scrolls of identify
 q - 4 scrolls of remove curse
 G - 3 scrolls of amnesia
 I - 2 scrolls of teleportation
Potions
 f - a potion of agility
 m - a potion of lignification
 s - 4 potions of curing
 t - a potion of resistance
 x - a potion of cure mutation
 B - 3 potions of invisibility
 C - a potion of haste
 F - a potion of ambrosia
 J - a potion of magic
Miscellaneous
 r - a plain deck of war {drawn: 6}
 N - a plain deck of escape {drawn: 3}
Comestibles
 g - 5 bread rations
 p - 5 meat rations
 K - 2 royal jellies
 R - 2 fruits


   Skills:
 + Level 4.2 Fighting
 + Level 3.5(3.6) Short Blades
 + Level 1.0(2.4) Long Blades
 + Level 1.2 Staves
 + Level 6.2 Throwing
 + Level 5.2 Dodging
 + Level 9.9 Stealth
 + Level 1.5 Evocations


You had 8 spell levels left.
You didn't know any spells.

Dungeon Overview and Level Annotations

Branches:
Dungeon (8/15)             Temple (1/1) D:4
   Lair: D:8-11

Altars:
Ashenzari
Cheibriados
Dithmenos
Elyvilon
Fedhas
Gozag
Makhleb
Nemelex Xobeh
Okawaru
Qazlal
Ru
Sif Muna
Vehumet
Yredelemnul
Zin

Annotations:
D:8 Gastronok


Innate Abilities, Weirdness & Mutations

You cannot wear boots.
Your serpentine skin is tough (AC +3).
You have supernaturally acute eyesight.
Armour fits poorly on your strangely shaped body.
Your system is resistant to poisons.
You cover ground very slowly.
You have a slow metabolism.
You can spit poison.
You are agile. (Dex +2)
Your mind is acute. (Int +2)


Message History

Press: ? - help, Shift-Dir - straight line, f - orc
Aim: an orc, wielding a short sword and wearing a ring mail You shoot a poisoned needle.
Gastronok gurgles horribly!
The poisoned needle hits the orc!
The orc is poisoned.
The orc hits you but does no damage. The orc wizard closely misses you.
Your cyan ugly thing barely misses the orc wizard.
Your cyan ugly thing closely misses the orc wizard.
The orc wizard casts a spell at you. The magic dart hits you!
The orc hits you but does no damage.
Your cyan ugly thing kicks the orc wizard!
The orc wizard dies!
Gastronok casts a spell.
Gastronok seems to move somewhat quicker.
The orc hits you but does no damage.
You kill the orc!
Gastronok waves his eye-stalks in wide circles.
The air twists around and strikes you!
You die...
Your body glows slightly and disappears.

.# ########## .#
#........#####.##
+.......... ....
#.....(..# #..#
#.....$@.# #..# #
#...()(..####..# .# ##
##.....##u..†..##.#...
...w.###.u..###.#.......
#.#. #....# #.#....... .
# #..#.###.#.......
....##.............
...........#.#######..
...#####...#.....#....


You could see Gastronok and a friendly cyan ugly thing.

Vanquished Creatures
  Sigmund (D:3)
  A wyvern (D:6)
  An ogre (D:3)
  An orc warrior (D:8)
  An ice beast (D:7)
  5 sky beasts
  5 killer bees (D:7)
  A centaur zombie (D:5)
  2 orc priests
  A jelly (D:7)
  A giant frog skeleton (D:3)
  3 hounds
  A centaur skeleton (D:7)
  2 iguanas
  2 orc wizards
  3 worker ants (D:4)
  4 hound skeletons
  2 worker ant zombies (D:7)
  A shadow imp (D:5)
  4 adders
  2 oozes
  3 worms
  20 orcs
  7 giant cockroaches
  9 hobgoblins
  15 jackals
  7 kobolds
  9 bats
  2 giant geckos
  5 giant newts
  7 goblins
  2 quokkas
  5 rats
  A plant (D:6)
136 creatures vanquished.

Vanquished Creatures (collateral kills)
  Grinder (D:6)
  A crimson imp (D:6)
  An orc wizard (D:8)
  A jackal (D:6)
4 creatures vanquished.

Grand Total: 140 creatures vanquished

Notes
Turn   | Place    | Note
--------------------------------------------------------------
     0 | D:1      | fredomojojo the Naga Assassin began the quest for the Orb.
     0 | D:1      | Reached XP level 1. HP: 19/19 MP: 1/1
   111 | D:1      | Reached skill level 1 in Dodging
   111 | D:1      | Reached skill level 6 in Stealth
   226 | D:1      | Reached XP level 2. HP: 17/26 MP: 2/2
   696 | D:1      | Reached XP level 3. HP: 32/32 MP: 3/3
  1441 | D:2      | Reached XP level 4. HP: 39/39 MP: 4/4
  1493 | D:2      | Upgraded the game from 0.17-a0-2127-g1cb09f6 to 0.17-a0-2147-gfb20a63
  2133 | D:3      | Noticed Sigmund
  2152 | D:3      | Killed Sigmund
  2152 | D:3      | Reached XP level 5. HP: 18/46 MP: 5/5
  2152 | D:3      | Reached XP level 6. HP: 21/55 MP: 6/6
  2239 | D:3      | You fall through a shaft for 3 floors!
  2259 | D:5      | Entered Level 5 of the Dungeon
  2750 | D:3      | Reached skill level 7 in Stealth
  2889 | D:3      | Reached XP level 7. HP: 61/61 MP: 7/7
  3339 | D:4      | Found a staircase to the Ecumenical Temple.
  3348 | Temple   | Entered the Ecumenical Temple
  3427 | Temple   | Became a worshipper of Nemelex Xobeh the Trickster
  3477 | D:4      | Reached skill level 5 in Throwing
  3481 | D:4      | Gained mutation: You are agile. (Dex +2) [mutagenic meat]
  3521 | D:4      | Found a sacrificial altar of Ru.
  3661 | D:5      | Received a gift from Nemelex Xobeh
  4008 | D:5      | Reached skill level 8 in Stealth
  4417 | D:6      | Noticed a wyvern
  4421 | D:6      | Killed a wyvern
  4421 | D:6      | Reached XP level 8. HP: 69/69 MP: 8/8
  4758 | D:6      | Noticed Grinder
  4809 | D:6      | Killed Grinder
  4809 | D:6      | Reached skill level 9 in Stealth
  4825 | D:6      | Reached * piety under Nemelex Xobeh
  4850 | D:6      | Received a gift from Nemelex Xobeh
  4858 | D:6      | Got an ancient falchion
  4859 | D:6      | Identified the cursed +1 falchion of Deformation {venom, *Corrode +Inv rC+++ Dex+4} (You found it on level 6 of the Dungeon)
  4968 | D:6      | Reached skill level 1 in Staves
  4968 | D:6      | Reached skill level 1 in Evocations
  4976 | D:6      | Gained mutation: Your mind is acute. (Int +2) [mutagenic meat]
  5153 | D:7      | Found a white marble altar of Elyvilon.
  5214 | D:7      | Found a glowing silver altar of Zin.
  5364 | D:7      | Found a white marble altar of Elyvilon.
  5472 | D:7      | Reached XP level 9. HP: 10/78 MP: 9/9
  5738 | D:7      | Reached skill level 1 in Long Blades
  5871 | D:8      | Reached skill level 5 in Dodging
  5964 | D:8      | Noticed Gastronok
  5973 | D:8      | Killed from afar by Gastronok

Vault maps used:
D:1:      dpeg_arrival_stone_temple_mockup, item_on_display_a
D:2:      first_bread, grunt_ministairs_8
D:3:      uniq_sigmund
D:4:      nicolae_ru_great_annihilating_truth,
          minmay_temple_entry_statues_pillars
D:6:      nrook_mini_backslash, minmay_misc_feat_alley, serial_bayou_pond_a,
          minmay_lizard_king, uniq_grinder
D:7:      lemuel_doored_altar, nicolae_overflow_hidden_temple, basic_altar
D:8:      kennysheep_big_flooded_room, kennysheep_mini_moat,
          kennysheep_little_box, xom_teletrap_fun, basic_altar,
          hangedman_pestilent_swarm, minmay_misc_feat_pillars,
          nicolae_dithmenos_the_darkroom, uniq_gastronok
Temple:   circular_temple_12

Action                   |  1- 3 |  4- 6 |  7- 9 || total
-------------------------+-------+-------+-------++-------
Melee: Dagger            |    69 |    57 |   201 ||   327
       Quarterstaff      |       |       |    25 ||    25
       Short sword       |       |       |    18 ||    18
       Falchion          |       |       |    30 ||    30
 Fire: Blowgun           |    75 |    46 |    52 ||   173
Throw: Stone             |     1 |     5 |       ||     6
       Throwing net      |       |     1 |     2 ||     3
       Tomahawk          |       |       |     3 ||     3
Evoke: Deck              |       |       |     9 ||     9
       Wand              |       |       |     3 ||     3
  Use: Scroll            |     6 |     6 |    12 ||    24
       Potion            |     1 |     1 |     7 ||     9
 Stab: Sleeping          |    16 |     9 |    13 ||    38
       Distracted        |       |     1 |     4 ||     5
       Held in net/web   |       |     1 |       ||     1
       Invisible         |       |       |     1 ||     1
       Paralysed         |       |       |     1 ||     1
  Eat: Bread ration      |     1 |       |     1 ||     2
       Chunk             |       |       |     2 ||     2
       Pizza             |       |       |     2 ||     2
       Beef jerky        |       |       |     1 ||     1
